 Dungeon Crawl Stone Soup version 0.29-a0-892-g2c4c91d9db (webtiles) character file.

Game seed: 1055554447200392865

127953 jimonade the Blocker (level 17, -2/137 HPs)
             Began as a Gnoll Fighter on July 22, 2022.
             Was an Elder of Okawaru.
             Slain by a faun
             ... wielding a +0 spear
             ... led by a satyr
              (17 damage)
             ... on level 2 of the Shoals on July 23, 2022.
             The game lasted 02:45:10 (46274 turns).

jimonade the Blocker (Gnoll Fighter)               Turns: 46274, Time: 02:45:11

Health: -2/137     AC: 27    Str: 17    XL:     17   Next: 2%
Magic:  0/32       EV: 13    Int: 12    God:    Okawaru [****..]
Gold:   3319       SH: 14    Dex: 14    Spells: 18/39 levels left

rFire   + . .      SeeInvis .   a - +9 demon blade (chaos)
rCold   . . .      Faith    .   c - +0 kite shield
rNeg    . . .      Spirit   +   Z - +3 chain mail {rF+}
rPois   .          Reflect  .   K - +0 helmet of the Smoking Gods {Will+}
rElec   .          Harm     .   f - scarf {+Inv}
rCorr   .          Rampage  .   J - +2 pair of gloves
Will    ++...                   s - +2 pair of boots
Stlth   +++.......              V - amulet of guardian spirit
HPRegen 0.32/turn               S - +4 ring of slaying
MPRegen 0.23/turn               U - ring of flight

@: heroic, finesse-ful, flying
A: fangs 1, strong nose, distributed training
a: Renounce Religion, Evoke Invisibility, Heroism, Finesse


You were on level 2 of the Shoals.
You worshipped Okawaru.
Okawaru was greatly pleased with you.
You visited 7 branches of the dungeon, and saw 28 of its levels.
You also visited: Bailey, Ice Cave and Volcano.

You collected 3409 gold pieces.
You spent 90 gold pieces at shops.

Inventory:

Hand Weapons
 a - a +9 demon blade of chaos (weapon)
 b - a +5 rapier of draining
 F - a +4 sling
 O - the +6 long sword of Ziokhloc {holy, rC+ Int+4}
   (You found it in an ice cave)

   It has been blessed by the Shining One to cause great damage to the undead
   and demons.
   Int:       It affects your intelligence (+4).
   rC:        It protects you from cold.
Missiles
 q - 8 throwing nets
 r - 6 atropa-tipped darts
 u - 48 poisoned darts (quivered)
 M - 22 silver javelins
 X - 14 curare-tipped darts
 Y - 9 boomerangs of dispersal
Armour
 c - a +0 kite shield (worn)
 f - a scarf of invisibility (worn)
 k - a +2 robe of willpower
 s - a +2 pair of boots (worn)
 J - a +2 pair of gloves (worn)
 K - the +0 helmet of the Smoking Gods (worn) {Will+}
   (Okawaru gifted it to you on level 15 of the Dungeon)

   Will:      It increases your willpower.
 Z - a +3 chain mail of fire resistance (worn)
Jewellery
 e - a ring of protection from fire
 l - the ring of Netawkom {rC+ rN++ rCorr}
   (You acquired it on level 3 of the Lair of Beasts)

   [ring of resist corrosion]

   rC:        It protects you from cold.
   rN:        It greatly protects you from negative energy.
   rCorr:     It protects you from acid and corrosion.
 n - a ring of poison resistance
 A - a ring of protection from fire
 D - a +4 ring of evasion
 L - a ring of wizardry
 P - a +4 ring of evasion
 S - a +4 ring of slaying (left hand)
 U - a ring of flight (right hand)
 V - an amulet of guardian spirit (around neck)
 W - an amulet of magic regeneration
Wands
 h - a wand of light (3)
 j - a wand of digging (21)
 z - a wand of iceblast (17)
 C - a wand of polymorph (33)
 H - a wand of flame (101)
Scrolls
 i - 2 scrolls of fog
 m - 9 scrolls of teleportation
 p - 3 scrolls of fear
 w - 4 scrolls of poison
 x - a scroll of enchant weapon
 y - a scroll of blinking
 E - a scroll of amnesia
 N - 7 scrolls of identify
 Q - a scroll of silence
Potions
 d - 7 potions of might
 g - a potion of resistance
 o - 4 potions of flight
 t - 2 potions of magic
 v - 7 potions of haste
 G - 3 potions of curing
 I - 3 potions of berserk rage
 T - a potion of brilliance
Miscellaneous
 B - a phial of floods


   Skills:
 + Level 13.3(18.3) Fighting
 + Level 11.7(16.7) Short Blades
 + Level 11.7(16.7) Long Blades
 + Level 11.7(16.7) Axes
 + Level 11.7(16.7) Maces & Flails
 + Level 12.6(17.6) Polearms
 + Level 11.7(16.7) Staves
 + Level 11.7(16.7) Ranged Weapons
 + Level 11.7(16.7) Throwing
 + Level 13.3(18.3) Armour
 + Level 11.7(16.7) Dodging
 + Level 11.7(16.7) Stealth
 + Level 13.3(18.3) Shields
 + Level 11.7(16.7) Unarmed Combat
 + Level 11.7 Spellcasting
 + Level 9.9 Conjurations
 + Level 9.9 Hexes
 + Level 9.9 Summonings
 + Level 9.9 Necromancy
 + Level 9.9 Translocations
 + Level 9.9 Transmutations
 + Level 9.9 Fire Magic
 + Level 9.9 Ice Magic
 + Level 9.9 Air Magic
 + Level 9.9 Earth Magic
 + Level 9.9 Poison Magic
 + Level 12.7 Invocations
 + Level 11.7 Evocations


You had 18 spell levels left.
You knew the following spells:

 Your Spells              Type           Power      Damage    Failure   Level
a - Blink                 Tloc           62%        N/A       1%          2
b - Wereblood             Tmut           31%        N/A       1%          2
c - Mephitic Cloud        Conj/Pois/Air  31%        N/A       4%          3
d - Ignite Poison         Fire/Tmut/Pois 31%        N/A       4%          3
e - Fulminant Prism       Conj/Hex       15%        3d11      14%         4
f - Dazzling Flash        Conj/Hex       62%        N/A       4%          3
g - Iskenderun's Mystic   Conj/Tloc      31%        2d8       14%         4

Your spell library contained the following spells:

 Spells                   Type           Power      Damage    Failure   Level
 Beastly Appendage        Tmut           62%        N/A       1%          1
 Magic Dart               Conj           100%       1d8       1%          1
 Necrotise                Necr           100%       1d9       1%          1
 Searing Ray              Conj           62%        2d6       1%          2
 Sublimation of Blood     Necr           31%        N/A       1%          2
 Gell's Gravitas          Tloc           31%        N/A       4%          3
 Lesser Beckoning         Tloc           31%        N/A       4%          3
 Spider Form              Tmut/Pois      31%        N/A       4%          3
 Stone Arrow              Conj/Erth      62%        3d10      4%          3
 Vampiric Draining        Necr           31%        2d8       4%          3
 Ice Form                 Ice/Tmut       31%        N/A       14%         4
 Passage of Golubria      Tloc           31%        N/A       14%         4
 Petrify                  Tmut/Erth      31%        N/A       14%         4
 Agony                    Necr           31%        N/A       36%         5
 Freezing Cloud           Conj/Ice/Air   15%        6-21      36%         5
 Irradiate                Conj/Tmut      15%        3d16      36%         5
 Manifold Assault         Tloc           31%        N/A       36%         5
 Silence                  Hex/Air        15%        N/A       36%         5
 Starburst                Conj/Fire      15%        6d6       91%         6
 Orb of Destruction       Conj           15%        9d7       100%        7
 Storm Form               Tmut/Air       15%        N/A       100%        7
 Lehudib's Crystal Spear  Conj/Erth      15%        10d5      100%        8
 Maxwell's Capacitive Co  Air            15%        ∞         100%        8
 Call Imp                 Summ           Unusable   N/A       N/A         2
 Summon Guardian Golem    Hex/Summ       Unusable   N/A       N/A         3
 Animate Armour           Summ/Erth      Unusable   N/A       N/A         4
 Summon Lightning Spire   Summ/Air       Unusable   N/A       N/A         4
 Spellforged Servitor     Conj/Summ      Unusable   N/A       N/A         7
 Summon Hydra             Summ           Unusable   N/A       N/A         7

Dungeon Overview and Level Annotations

Branches:
Dungeon (15/15)            Temple (1/1) D:4            Lair (5/5) D:11
 Shoals (2/4) Lair:2        Snake (0/4) Lair:2          Orc (2/2) D:11
    Elf (2/3) Orc:2        Vaults (0/5) D:13         Depths (1/4) D:15
 Bailey (visited)           IceCv (visited)         Volcano (visited)
  Slime: Lair:4-5

Altars:
Ashenzari
Cheibriados
Dithmenos
Elyvilon
Fedhas
Gozag
Hepliaklqana
Kikubaaqudgha
Makhleb
Nemelex Xobeh
Okawaru
Qazlal
Ru
Sif Muna
Trog
Uskayaw
Vehumet
Wu Jian
Xom
Yredelemnul
Zin
The Shining One
Jiyva

Shops:
D:5 ?   D:6 !   D:8 [   D:10 *   D:11 (   D:13 (   D:15 =   Orc:2 =*[(
Elf:1 (   Shoals:1 [

Annotations:
D:2 1 runed translucent door, Crazy Yiuf
D:8 exclusions: downstairs and 5 more exclusions
D:10 1 runed translucent door, exclusion: downstairs, SirDiesAlot's ghost, journeyman DEEE
D:12 exclusion: downstairs
Lair:4 2 transporters, Gofead's ghost, journeyman OpAr
Lair:5 exclusion: 2 oklob plants
Shoals:1 exclusion: downstairs


Innate Abilities, Weirdness & Mutations

You have very sharp teeth.
Your uncanny sense of smell can sniff out nearby items.
Your experience applies equally to all skills.


Message History

The arrow freezes you.
* * * LOW HITPOINT WARNING * * *
Okay, then.
Okay, then.
You are no longer terrified.
You feel your willpower return.
You are no longer glowing.
The satyr shoots an arrow.
You block the arrow.
The satyr plays a rousing melody on his pipes!
The faun goes into a battle-frenzy!
The faun unwields a +0 sling.
The faun wields a +0 spear.
The faun hits you with a +0 spear!!
* * * LOW HITPOINT WARNING * * *
You are too injured to fight recklessly!
You hit the satyr. You bite the satyr.
The satyr is heavily wounded.
The satyr shoots an arrow.
The arrow barely misses you.
The faun splashes around in the water.
Unknown command.
You barely miss the satyr.
The satyr is heavily wounded.
Press: ? - help, v - describe, . - travel
Here: a satyr, wielding a +2 longbow of freezing (heavily wounded)
The floor.
You gain the combat prowess of a mighty hero.
You can no longer enter into single combat with a foe.
Okawaru will no longer gift you equipment.
The satyr shoots an arrow.
The arrow hits you.
* * * LOW HITPOINT WARNING * * *
The arrow freezes you.
* * * LOW HITPOINT WARNING * * *
You block the faun's attack.
You barely miss the satyr.
The satyr is heavily wounded.
The satyr plays a frightful melody on his pipes!
The satyr radiates an aura of fear!
You resist with almost no effort.
You barely miss the satyr.
The satyr is heavily wounded.
The faun hits you with a +0 spear!!
You die...

≈≈≈≈≈≈≈≈≈≈≈≈≈≈≈ ≈≈≈≈≈≈≈≈≈
≈≈≈≈≈≈≈≈≈≈≈≈≈≈≈≈≈≈≈≈≈≈≈≈≈≈
≈≈≈≈≈≈≈≈≈≈≈≈≈≈≈≈≈≈≈≈≈≈≈≈≈≈
≈≈≈≈≈≈≈≈≈≈≈≈≈≈≈≈≈≈≈≈≈≈≈≈≈≈
≈≈≈≈≈≈≈≈≈≈≈≈≈≈≈≈≈≈≈≈≈≈.≈≈≈
≈≈≈≈≈≈≈≈≈≈≈≈≈≈≈≈≈≈≈≈≈≈.$..
≈≈≈≈≈≈≈≈≈≈≈≈≈≈≈≈≈≈≈.....<.
≈≈≈≈≈≈≈≈≈≈c≈≈≈≈≈≈≈≈.......
≈≈≈≈≈≈..#@.≈≈≈≈≈≈≈........
≈≈≈≈≈≈.###c≈≈≈≈≈..........
≈≈≈≈≈≈. #.≈≈≈.......###..
≈≈≈≈≈≈≈###.≈≈.####..## ###
≈≈≈≈≈≈≈≈..≈≈≈(# ####
≈≈≈≈≈≈≈≈≈.≈≈≈)#
≈≈≈≈≈≈≈≈≈≈≈)≈.####
≈≈≈≈≈≈≈≈c≈≈)≈≈...# .
≈≈≈≈≈≈≈≈≈≈≈≈≈≈≈..# ..


You could see a satyr and a faun (strong).

Vanquished Creatures
  Rupert (D:13)
  Ilsuiw (Shoals:1)
  An orc warlord (Orc:2)
  A deep elf demonologist (Elf:1)
  A deep elf annihilator (Elf:1)
  A dire elephant (D:15)
  A deep elf death mage (Elf:1)
  Snorg (Orc:1)
  A fire dragon (Lair:5)
  A deep elf high priest (Elf:1)
  An ettin (Orc:1)
  Harold (D:11)
  2 rakshasas
  4 hydras
  4 boulder beetles
  Erolcha (Orc:2)
  A catoblepas (Lair:5)
  3 centaur warriors
  11 slime creatures
  2 merfolk avatars (Shoals:2)
  4 death yaks (Lair:4)
  A merfolk aquamancer (Shoals:1)
  An alligator snapping turtle (Shoals:2)
  4 dancing weapons
  3 orc high priests (Orc:2)
  Sonja (Orc:2)
  5 deep elf knights (Elf:1)
  Urug (D:11)
  A fire crab (shapeshifter) (D:15)
  A sea snake (Shoals:1)
  A glowing orange brain (shapeshifter) (D:14)
  14 deep elf zephyrmancers
  A steelbarb worm (shapeshifter) (D:13)
  8 deep elf archers (Elf:1)
  A wizard (D:15)
  16 deep elf pyromancers
  3 lindwurms
  6 orc knights
  7 harpies
  An oklob plant (Lair:3)
  7 fauns
  6 orc sorcerers
  7 manticores
  3 cyclopes
  A salamander (D:15)
  An ugly thing (IceCv)
  7 elephants
  Maurice (D:12)
  7 merfolk sirens
  5 molten gargoyles
  3 ice statues (IceCv)
  8 black mambas
  2 torpor snails
  A gargoyle (D:10)
  7 cane toads
  An unseen horror (D:12)
  12 komodo dragons
  A kobold demonologist (D:13)
  3 rime drakes
  3 efreet (Volcano)
  A yaktaur (D:13)
  2 freezing wraiths
  8 trolls
  5 merfolk
  A polar bear (Lair:5)
  A troll (shapeshifter) (D:15)
  7 blink frogs
  A snapping turtle (Shoals:2)
  9 dream sheep
  3 wraiths
  A shadow (D:11)
  A vampire (D:11)
  7 water elementals
  7 basilisks
  An air elemental (Elf:1)
  16 humans
  46 yaks
  A dire elephant simulacrum (IceCv)
  5 wyverns
  6 fire elementals (Volcano)
  A hog (shapeshifter) (Elf:1)
  5 vampire mosquitoes
  Grum (D:9)
  5 steam dragons
  A death yak simulacrum (IceCv)
  A harpy simulacrum (IceCv)
  4 wargs
  Edmund (D:5)
  15 water moccasins
  5 acid dragons
  4 hell hounds (Lair:5)
  49 orc warriors
  A sky beast (shapeshifter) (D:13)
  3 ice beasts (D:6)
  A black bear (shapeshifter) (D:13)
  A sky beast (D:8)
  29 wolves
  13 ogres
  9 centaurs
  A phantom (D:4)
  3 kobold brigands
  13 bullfrogs
  2 gnoll sergeants
  5 earth elementals
  A cane toad simulacrum (IceCv)
  5 wights (D:9)
  6 killer bees (D:7)
  4 electric eels
  5 lava snakes (Lair:5)
  26 orc priests
  3 hounds
  4 jellies
  Ijyb (D:3)
  Natasha (thrice) (D:2)
  6 iguanas
  20 orc wizards
  A polar bear simulacrum (IceCv)
  7 hell rats (Lair:5)
  A wolf simulacrum (IceCv)
  9 adders
  13 gnolls
  2 ufetubi
  5 worms (D:2)
  125 orcs
  4 endoplasms (D:1)
  5 giant cockroaches
  5 goblins
  7 hobgoblins
  17 kobolds
  8 quokkas
  7 ball pythons
  7 bats
  3 frilled lizards
  7 rats
  A fire vortex (Volcano)
826 creatures vanquished.

Vanquished Creatures (others)
  A faun (Shoals:2)
  An orc wizard (Orc:1)
  4 kobolds (D:7)
  A bush (D:9)
  15 fulminant prisms
  37 fungi
  100 plants
  2 toadstools (D:15)
161 creatures vanquished.

Grand Total: 987 creatures vanquished

Notes
Turn   | Place    | Note
-------+----------+-------------------------------------------
     0 | D:1      | jimonade the Gnoll Fighter began the quest for the Orb.
     0 | D:1      | Reached XP level 1. HP: 23/23 MP: 1/1
    92 | D:1      | Reached XP level 2. HP: 25/29 MP: 2/2
   427 | D:1      | Reached XP level 3. HP: 35/35 MP: 3/3
   553 | D:1      | Reached skill level 1 in Invocations
   905 | D:2      | Found a faded altar of an unknown god.
   920 | D:2      | Reached skill level 1 in Short Blades
   920 | D:2      | Reached skill level 1 in Long Blades
   920 | D:2      | Reached skill level 1 in Axes
   920 | D:2      | Reached skill level 1 in Maces & Flails
   920 | D:2      | Reached skill level 1 in Staves
   920 | D:2      | Reached skill level 1 in Ranged Weapons
   920 | D:2      | Reached skill level 1 in Throwing
   920 | D:2      | Reached skill level 1 in Dodging
   920 | D:2      | Reached skill level 1 in Stealth
   920 | D:2      | Reached skill level 1 in Unarmed Combat
   920 | D:2      | Reached skill level 1 in Spellcasting
   920 | D:2      | Reached skill level 1 in Evocations
   939 | D:2      | Noticed Natasha
   951 | D:2      | Killed Natasha
   952 | D:2      | Reached skill level 1 in Conjurations
   952 | D:2      | Reached skill level 1 in Hexes
   952 | D:2      | Reached skill level 1 in Summonings
   952 | D:2      | Reached skill level 1 in Necromancy
   952 | D:2      | Reached skill level 1 in Translocations
   952 | D:2      | Reached skill level 1 in Transmutations
   952 | D:2      | Reached skill level 1 in Fire Magic
   952 | D:2      | Reached skill level 1 in Ice Magic
   952 | D:2      | Reached skill level 1 in Air Magic
   952 | D:2      | Reached skill level 1 in Earth Magic
   952 | D:2      | Reached skill level 1 in Poison Magic
   952 | D:2      | Reached XP level 4. HP: 39/41 MP: 5/5
  1087 | D:2      | Noticed Natasha
  1095 | D:2      | Killed Natasha
  1096 | D:2      | Reached XP level 5. HP: 42/47 MP: 5/7
  1301 | D:2      | Found a runed translucent door.
  1302 | D:2      | Noticed Crazy Yiuf
  1431 | D:2      | Noticed Natasha
  1440 | D:2      | Killed Natasha
  1773 | D:3      | HP: 1/47 [orc priest/divine providence (12)]
  2219 | D:3      | Found a glowing silver altar of Zin.
  2397 | D:3      | Noticed Ijyb
  2404 | D:3      | Killed Ijyb
  2405 | D:3      | Reached XP level 6. HP: 47/53 MP: 8/8
  2557 | D:4      | Reached skill level 5 in Polearms
  2621 | D:4      | Found a staircase to the Ecumenical Temple.
  2649 | Temple   | Entered the Ecumenical Temple
  2691 | Temple   | Became a worshipper of Warmaster Okawaru
  3380 | D:4      | Reached XP level 7. HP: 60/60 MP: 10/10
  3630 | D:5      | Entered Level 5 of the Dungeon
  3726 | D:5      | Found Okkaump's Magic Scroll Shoppe.
  3866 | D:5      | Reached * piety under Okawaru
  4230 | D:5      | Found a radiant altar of Vehumet.
  4510 | D:5      | Noticed Edmund
  4530 | D:5      | Killed Edmund
  4531 | D:5      | Reached XP level 8. HP: 55/67 MP: 12/12
  4752 | D:5      | Bought a scroll of magic mapping for 90 gold pieces
  4803 | D:6      | Reached ** piety under Okawaru
  5217 | D:6      | Found Seololapi's Distillery.
  5869 | D:6      | Found a shimmering blue altar of Sif Muna.
  6149 | D:6      | Reached XP level 9. HP: 70/73 MP: 14/14
  6975 | D:7      | Reached *** piety under Okawaru
  7137 | D:7      | Found an ornate altar of the Wu Jian Council.
  7798 | D:8      | Found Yvudilan's Armour Shoppe.
  7839 | D:8      | Reached skill level 5 in Invocations
  7921 | D:8      | Found a snail-covered altar of Cheibriados.
  7941 | D:8      | Got the Omnibus of Topological Forms
  7974 | D:8      | Found a flagged portal.
  7995 | Bailey   | Entered a bailey
  8861 | Bailey   | Reached skill level 5 in Conjurations
  8861 | Bailey   | Reached skill level 5 in Hexes
  8861 | Bailey   | Reached skill level 5 in Summonings
  8861 | Bailey   | Reached skill level 5 in Necromancy
  8861 | Bailey   | Reached skill level 5 in Translocations
  8861 | Bailey   | Reached skill level 5 in Transmutations
  8861 | Bailey   | Reached skill level 5 in Fire Magic
  8861 | Bailey   | Reached skill level 5 in Ice Magic
  8861 | Bailey   | Reached skill level 5 in Air Magic
  8861 | Bailey   | Reached skill level 5 in Earth Magic
  8861 | Bailey   | Reached skill level 5 in Poison Magic
  8861 | Bailey   | Reached XP level 10. HP: 83/83 MP: 16/19
  8915 | Bailey   | Noticed an orc knight
  8938 | Bailey   | Killed an orc knight
  8960 | Bailey   | Reached XP level 11. HP: 82/89 MP: 20/20
  9030 | Bailey   | Acquired 511 gold pieces
  9734 | D:9      | Found a sparkling altar of Nemelex Xobeh.
  9750 | D:9      | Reached **** piety under Okawaru
  9910 | D:9      | Received a gift from Okawaru
 10349 | D:9      | Identified the +4 sling of Distant Shores {vorpal, *Corrode
                  | rPois rN+}
 11218 | D:9      | Noticed Grum
 13071 | D:9      | Killed Grum
 13271 | D:10     | Entered Level 10 of the Dungeon
 13271 | D:10     | Found a runed translucent door.
 13273 | D:10     | Noticed SirDiesAlot's ghost (journeyman DEEE)
 13389 | D:10     | Found Etuopt's Assorted Antiques.
 13703 | D:10     | Found a broken altar of Ashenzari.
 14457 | D:10     | Reached XP level 12. HP: 85/97 MP: 19/22
 14858 | D:11     | Reached skill level 10 in Fighting
 14858 | D:11     | Reached skill level 10 in Armour
 14858 | D:11     | Reached skill level 10 in Shields
 15055 | D:11     | Noticed a boulder beetle
 15078 | D:11     | Killed a boulder beetle
 15413 | D:11     | Found a staircase to the Orcish Mines.
 15809 | D:11     | Received a gift from Okawaru
 16265 | D:11     | Noticed Urug
 16464 | D:11     | Killed Urug
 16725 | D:11     | Found Gigiomm's Weapon Emporium.
 17062 | D:11     | Found a staircase to the Lair.
 17113 | D:11     | Noticed Harold
 17156 | D:11     | Killed Harold
 17706 | D:11     | Received a gift from Okawaru
 18087 | Lair:1   | Entered Level 1 of the Lair of Beasts
 18951 | Lair:1   | Noticed a four-headed hydra
 18980 | Lair:1   | Killed a four-headed hydra
 19105 | Lair:1   | Received a gift from Okawaru
 20102 | Lair:1   | Reached ***** piety under Okawaru
 20103 | Lair:1   | Reached XP level 13. HP: 68/104 MP: 25/25
 20445 | Lair:2   | Received a gift from Okawaru
 20544 | Lair:2   | Found a dark tunnel.
 20556 | Volcano  | Entered a volcano
 21791 | Volcano  | Received a gift from Okawaru
 22666 | Lair:2   | Found a staircase to the Snake Pit.
 22724 | Lair:2   | Received a gift from Okawaru
 23214 | Lair:2   | Reached skill level 10 in Polearms
 23936 | Lair:2   | Found a staircase to the Shoals.
 24121 | Lair:3   | Received a gift from Okawaru
 24635 | Lair:3   | Acquired the ring of Netawkom {rC+ rN++ rCorr}
 24847 | Lair:3   | Found a white marble altar of Elyvilon.
 25458 | Lair:4   | Found a transporter.
 25458 | Lair:4   | Found a transporter.
 25485 | Lair:4   | Received a gift from Okawaru
 25512 | Lair:4   | Reached skill level 10 in Invocations
 25855 | Lair:4   | Noticed Gofead's ghost (journeyman OpAr)
 25911 | Lair:4   | Received a gift from Okawaru
 25912 | Lair:4   | Reached XP level 14. HP: 46/113 MP: 24/27
 26304 | Lair:4   | Found a bloodstained altar of Trog.
 26792 | Lair:5   | Entered Level 5 of the Lair of Beasts
 27762 | Lair:5   | Identified the +2 leather armour "Buden" {rCorr Int+6}
 27992 | Lair:5   | Found a viscous altar of Jiyva.
 28406 | Lair:5   | Found a large runed translucent door.
 28451 | Lair:5   | Received a gift from Okawaru
 28756 | Lair:5   | Found a large runed translucent door.
 29205 | Orc:1    | Entered Level 1 of the Orcish Mines
 29233 | Orc:1    | Received a gift from Okawaru
 29418 | Orc:1    | HP: 3/114 [ettin/+0 dire flail (15)]
 29847 | Orc:1    | Noticed Snorg
 29868 | Orc:1    | Killed Snorg
 30193 | Orc:2    | Entered Level 2 of the Orcish Mines
 30224 | Orc:2    | Noticed Erolcha
 30360 | Orc:2    | Noticed Sonja
 30372 | Orc:2    | Found a staircase to the Elven Halls.
 30386 | Orc:2    | Killed Erolcha
 30398 | Orc:2    | Killed Sonja
 30735 | Orc:2    | Received a gift from Okawaru
 30736 | Orc:2    | Reached skill level 10 in Short Blades
 30736 | Orc:2    | Reached skill level 10 in Long Blades
 30736 | Orc:2    | Reached skill level 10 in Axes
 30736 | Orc:2    | Reached skill level 10 in Maces & Flails
 30736 | Orc:2    | Reached skill level 10 in Staves
 30736 | Orc:2    | Reached skill level 10 in Ranged Weapons
 30736 | Orc:2    | Reached skill level 10 in Throwing
 30736 | Orc:2    | Reached skill level 10 in Dodging
 30736 | Orc:2    | Reached skill level 10 in Stealth
 30736 | Orc:2    | Reached skill level 10 in Unarmed Combat
 30736 | Orc:2    | Reached skill level 10 in Spellcasting
 30736 | Orc:2    | Reached skill level 10 in Evocations
 31236 | Orc:2    | Received a gift from Okawaru
 31349 | Orc:2    | Noticed an orc warlord
 31384 | Orc:2    | Killed an orc warlord
 31384 | Orc:2    | Received a gift from Okawaru
 31894 | Orc:2    | Reached XP level 15. HP: 87/101 MP: 19/29
 31958 | Orc:2    | Identified the +1 war axe "Bireten" {venom, rN++} (Okawaru
                  | gifted it to you on level 2 of the Orcish Mines)
 31958 | Orc:2    | Received a gift from Okawaru
 32845 | Orc:2    | Found Maluseg's Antique Armour Shop.
 32846 | Orc:2    | Found Liff's Antique Weapon Shop.
 32848 | Orc:2    | Found Itee's General Store.
 32848 | Orc:2    | Found Vyhaplab's Jewellery Boutique.
 33262 | D:12     | Found a frozen archway.
 33271 | IceCv    | Entered an ice cave
 33434 | IceCv    | Learned a level 2 spell: Blink
 33437 | IceCv    | Learned a level 2 spell: Wereblood
 33844 | IceCv    | Learned a level 3 spell: Mephitic Cloud
 33848 | IceCv    | Learned a level 3 spell: Ignite Poison
 33853 | IceCv    | Learned a level 4 spell: Fulminant Prism
 35096 | IceCv    | Identified the +6 long sword of Ziokhloc {holy, rC+ Int+4}
 35294 | D:12     | Noticed Maurice
 35317 | D:12     | Killed Maurice
 36017 | D:12     | Found a sparkling altar of Nemelex Xobeh.
 36020 | D:12     | You fall into a shaft and drop 2 floors!
 36539 | D:14     | Found a hide-covered altar of Uskayaw.
 36557 | D:14     | Received a gift from Okawaru
 36707 | D:13     | Noticed Rupert
 36707 | D:13     | Found a gate to the Vaults.
 37190 | D:13     | Received a gift from Okawaru
 37325 | D:13     | Killed Rupert
 37325 | D:13     | Received a gift from Okawaru
 37927 | D:13     | Found Fykan's Antique Weapon Boutique.
 38897 | D:15     | Entered Level 15 of the Dungeon
 38990 | D:15     | Learned a level 3 spell: Dazzling Flash
 38995 | D:15     | Learned a level 4 spell: Iskenderun's Mystic Blast
 39353 | D:15     | Found Daaroc's Jewellery Boutique.
 39694 | D:15     | Identified the +0 helmet of the Smoking Gods {Will+}
                  | (Okawaru gifted it to you on level 15 of the Dungeon)
 39694 | D:15     | Received a gift from Okawaru
 40041 | D:15     | Found a staircase to the Depths.
 40357 | Depths:1 | Entered Level 1 of the Depths
 40510 | Elf:1    | Entered Level 1 of the Elven Halls
 40522 | Elf:1    | Reached XP level 16. HP: 127/129 MP: 28/30
 42426 | Elf:1    | Found Umutuem's Weapon Shop.
 42469 | Elf:1    | Noticed a Hell Sentinel
 42472 | Elf:1    | Paralysed by an air elemental for 1 turns
 42538 | Elf:1    | Received a gift from Okawaru
 43598 | Shoals:1 | Entered Level 1 of the Shoals
 44738 | Shoals:1 | Received a gift from Okawaru
 44756 | Shoals:1 | Found Ummamin's Antique Armour Emporium.
 45094 | Shoals:2 | Noticed Ilsuiw
 45439 | Shoals:1 | Killed Ilsuiw
 45557 | Shoals:2 | Received a gift from Okawaru
 46220 | Shoals:2 | Received a gift from Okawaru
 46240 | Shoals:2 | Reached XP level 17. HP: 65/137 MP: 13/32
 46274 | Shoals:2 | Slain by a faun

Illustrated notes

Levels and vault maps discovered:
D:1:      dpeg_arrival_tiny_a, layout_loops_ring
D:2:      layout_basic, hellmonk_ecumenical_altar_heavens_door, minivault_19,
          uniq_crazy_yiuf_cottage, uniq_natasha
D:3:      layout_rooms, zin_scriptorium, uniq_ijyb
D:4:      layout_loops_cross, temple_fountains
D:5:      wad_crossroads, layout_loops_ring, vehumet_crystals, serial_shops,
          shop, uniq_edmund
D:6:      layout_loops_ring, kennysheep_little_box, serial_shops,
          nicolae_shop_behind_doors
D:7:      layout_loops_corners, nicolae_wu_jian_immortal_techniques
D:8:      layout_loops_ring, lemuel_round_altar, serial_shops,
          nicolae_shop_waterfront, enter_bailey_2, serial_bayou,
          serial_bayou_lake_a, serial_bayou_crossing, serial_bayou_pond_a,
          serial_bayou_shore_b, serial_bayou_ford_a
D:9:      layout_cave_pools, mainiacjoe_overflow_cross_hatched, serial_bayou,
          serial_bayou_lagoon_a, serial_bayou_pond_d, serial_bayou_pond_c,
          serial_bayou_shore_a, serial_bayou_shore_b, uniq_grum
D:10:     layout_basic, evilmike_ruin_ashenzari, serial_shops,
          nicolae_shop_crystal, hellmonk_ghost_big_iron, glass_columns_b
D:11:     layout_irregular_city, erik_lair_orcish_takeover, orc_0_dummy,
          hangedman_decor_clover_reticule, nicolae_inconvenience_store,
          corexii_hall_statues_i, fungi_pond_lemuel, lemuel_flamethrower_1,
          uniq_urug, uniq_harold
D:12:     layout_roguey, portal_ice_cave_rime,
          nemelex_xobeh_ov_fountains_minmay, uniq_maurice
D:13:     layout_loops_cross, david_vaults_3, serial_shops, shop
D:14:     layout_basic, nicolae_uskayaw_dance_hall
D:15:     hangedman_depths_entry_try_elsewhere_first, layout_cave_pods,
          special_room [special_room_orc], serial_shops, nicolae_shop_crystal,
          chequers_jeans, gauntlet_entry_generic, minmay_gold_behind_fungi
Temple:   hellmonk_temple_of_storms
Lair:1:   layout_cave_pods, chequers_serial_rivers_small_a, beast_lair_carwin_4
Lair:2:   layout_loops_ring, elwin_shoals_entry_stream,
          minmay_snake_entry_six_corridors, enter_volcano_2, st_stairs_9
Lair:3:   layout_long_grid, lemuel_oklob_altar
Lair:4:   layout_cave_pods, gammafunk_ghost_wrathful_warriors
Lair:5:   cheibrodos_lair_end_hotspot, layout_big_grid,
          minmay_slime_entry_oklob_enclosed, uniq_rupert
Shoals:1: layout_shoals, serial_shops, nicolae_take_the_stairs
Shoals:2: layout_shoals, nicolae_shoals_this_corrosion, uniq_louise, uniq_ilsuiw
Orc:1:    layout_diamond_mine, minmay_orc_temple_b, uniq_snorg
Orc:2:    st_orc_congregation, layout_diamond_mine, basic_altar, uniq_sonja,
          uniq_erolcha
Elf:1:    minmay_elf_arrival_plus, layout_onion_city, serial_shops,
          nicolae_shop_bloodbath_and_beyond, hangedman_elf_represent
Elf:2:    nicolae_elf_blades_crystal_corner, layout_loops_cross, basic_altar
Depths:1: minmay_dotted_concentric_squares, layout_gridville, enter_ziggurat_d,
          hangedman_geh_valley, corexii_leaking_fountain, drop_trap,
          dk_noncrumbling_4, minmay_misc_feat_room,
          minmay_mirror_moons_of_madness

Skill      XL: |  1  2  3  4  5  6  7  8  9 10 11 12 13 14 15 16 |
---------------+-------------------------------------------------+-----
Invocations    | 1 2 3 4 6 7 8 9 10 11 12 | 12.7
Short Blades   | 1 2 3 6 7 8 9 10 11 | 11.7
Long Blades    | 1 2 3 6 7 8 9 10 11 | 11.7
Axes           | 1 2 3 6 7 8 9 10 11 | 11.7
Maces & Flails | 1 2 3 6 7 8 9 10 11 | 11.7
Staves         | 1 2 3 6 7 8 9 10 11 | 11.7
Ranged Weapons | 1 2 3 6 7 8 9 10 11 | 11.7
Throwing       | 1 2 3 6 7 8 9 10 11 | 11.7
Dodging        | 1 2 3 6 7 8 9 10 11 | 11.7
Stealth        | 1 2 3 6 7 8 9 10 11 | 11.7
Unarmed Combat | 1 2 3 6 7 8 9 10 11 | 11.7
Spellcasting   | 1 2 3 6 7 8 9 10 11 | 11.7
Evocations     | 1 2 3 6 7 8 9 10 11 | 11.7
Conjurations   | 1 2 3 5 6 7 8 9 |  9.9
Hexes          | 1 2 3 5 6 7 8 9 |  9.9
Summonings     | 1 2 3 5 6 7 8 9 |  9.9
Necromancy     | 1 2 3 5 6 7 8 9 |  9.9
Translocations | 1 2 3 5 6 7 8 9 |  9.9
Transmutations | 1 2 3 5 6 7 8 9 |  9.9
Fire Magic     | 1 2 3 5 6 7 8 9 |  9.9
Ice Magic      | 1 2 3 5 6 7 8 9 |  9.9
Air Magic      | 1 2 3 5 6 7 8 9 |  9.9
Earth Magic    | 1 2 3 5 6 7 8 9 |  9.9
Poison Magic   | 1 2 3 5 6 7 8 9 |  9.9
Polearms       | 5 6 7 8 9 10 11 12 | 12.6
Fighting       | 7 9 10 11 12 13 | 13.3
Armour         | 7 9 10 11 12 13 | 13.3
Shields        | 7 9 10 11 12 13 | 13.3

Action                   |  1- 3 |  4- 6 |  7- 9 | 10-12 | 13-15 | 16-18 || total
-------------------------+-------+-------+-------+-------+-------+-------++-------
Melee: Trident           |   103 |       |       |       |       |       ||   103
       Bite              |     7 |    20 |    78 |   236 |   276 |    70 ||   687
       Dagger            |     9 |   207 |   639 |  1244 |   251 |       ||  2350
       Demon blade       |       |       |       |       |  1425 |   428 ||  1853
       Long sword        |       |       |       |       |    46 |       ||    46
       Spear             |       |       |       |       |     9 |       ||     9
 Fire: Sling             |       |       |       |    25 |       |       ||    25
Throw: Dart              |       |       |       |       |     7 |       ||     7
 Cast: Fulminant Prism   |       |       |       |       |    15 |       ||    15
       Mephitic Cloud    |       |       |       |       |    14 |     4 ||    18
       Ignite Poison     |       |       |       |       |    14 |     3 ||    17
       Wereblood         |       |       |       |       |     2 |       ||     2
       Blink             |       |       |       |       |     1 |       ||     1
Invok: Heroism           |       |       |     3 |    16 |    36 |    18 ||    73
       Finesse           |       |       |       |     7 |    11 |     6 ||    24
 Abil: Evoke Invisibilit |       |       |       |       |     2 |     1 ||     3
  Use: Scroll            |       |       |     4 |    15 |    19 |     2 ||    40
       Potion            |       |       |     2 |     6 |     1 |     1 ||    10
 Stab: Invisible         |       |       |       |     4 |    10 |     9 ||    23
       Distracted        |       |       |       |       |     1 |       ||     1
       Sleeping          |       |       |       |       |     2 |       ||     2
Armor: Scale mail        |    34 |     8 |       |       |       |       ||    42
       Chain mail        |       |    65 |   182 |   289 |   523 |   171 ||  1230
       Robe              |       |       |       |       |     6 |       ||     6
       Skin              |       |       |       |       |    32 |       ||    32
Dodge: Dodged            |    44 |    63 |   288 |   367 |   517 |   126 ||  1405
Block: Buckler           |    21 |    59 |   125 |   149 |       |       ||   354
       Kite shield       |       |       |       |   166 |   778 |   229 ||  1173

Table legend: (Time is in decaauts)
 A = Elapsed time spent in this place.
 B = Non-inter-level travel time spent in this place.
 C = Inter-level travel time spent in this place.
 D = Time resting spent in this place.
 E = Time spent auto-exploring this place.
 F = Levels seen in this place.
 G = Mean time per level.
                   A        B        C        D        E       F      G
               +--------+--------+--------+--------+--------+-----+--------+
         Total |  45069 |  43271 |   1798 |  11245 |  20223 |  31 | 1453.8 |
       Dungeon |  22212 |  21064 |   1148 |   3495 |  11881 |  15 | 1480.8 |
        Temple |     57 |     43 |     14 |      0 |     22 |   1 |   57.0 |
          Lair |   9620 |   9289 |    331 |   2548 |   4896 |   5 | 1924.0 |
        Shoals |   2055 |   2026 |     29 |    505 |    761 |   2 | 1027.5 |
  Orcish Mines |   4073 |   3849 |    224 |   1369 |   1224 |   2 | 2036.5 |
   Elven Halls |   2430 |   2380 |     50 |    233 |   1272 |   2 | 1215.0 |
        Depths |      1 |      1 |      0 |      0 |      0 |   1 |    1.0 |
        Bailey |   1011 |   1011 |      0 |    409 |    166 |   1 | 1011.0 |
      Ice Cave |   1890 |   1890 |      0 |   1492 |      0 |   1 | 1890.0 |
       Volcano |   1716 |   1716 |      0 |   1193 |      0 |   1 | 1716.0 |
               +--------+--------+--------+--------+--------+-----+--------+

Top non-repeatable levels by time:
     D:9: 3165 daAuts
    D:11: 3159 daAuts
   Orc:2: 2633 daAuts
   Elf:1: 2428 daAuts
  Lair:2: 2425 daAuts
  Lair:1: 2175 daAuts
  Lair:5: 2125 daAuts
   IceCv: 1890 daAuts
    D:10: 1827 daAuts
  Lair:4: 1755 daAuts
 Volcano: 1716 daAuts
     D:6: 1556 daAuts
    D:15: 1486 daAuts
   Orc:1: 1440 daAuts
     D:7: 1328 daAuts
